 Dungeon Crawl Stone Soup version 0.30-a0-1160-g6e42c06551 (webtiles) character file.

Game seed: 13793209623437792645

67 retardedninja the Firebug (level 4, -1/32 HPs)
             Began as a Gnoll Fire Elementalist on Apr 26, 2023.
             Slain by an adder (3 damage)
             ... on level 3 of the Dungeon.
             The game lasted 00:02:56 (2720 turns).

retardedninja the Firebug (Gnoll Fire Elementalist) Turns: 2720, Time: 00:02:57

Health: -1/32      AC:  2    Str:  4 (7)  XL:     4   Next: 16%
Magic:  11/11      EV: 13    Int: 15 (16) God:
Gold:   71         SH:  0    Dex: 12 (13) Spells: 12/13 levels left

rFire   . . .        e - +0 falchion
rCold   . . .        (no shield)
rNeg    . . .        a - +0 robe
rPois   .            (no helmet)
rElec   .            (no cloak)
rCorr   .            (no gloves)
SInv    .            (no boots)
Will    .....        (no amulet)
Stlth   ++           (no ring)
HPRegen 0.25/turn    (no ring)
MPRegen 0.12/turn

%: no passive effects
@: attractive
A: fangs 1, strong nose, distributed training
a: no special abilities


You were on level 3 of the Dungeon.
You visited 1 branch of the dungeon, and saw 3 of its levels.

You collected 71 gold pieces.

Inventory:

Hand Weapons
 e - a +0 falchion (weapon)
Armour
 a - a +0 robe (worn)
Scrolls
 d - 2 scrolls of fear {unknown}
 h - a scroll of immolation {unknown}
 j - a scroll of teleportation {unknown}
Potions
 b - a potion of magic
 c - a potion of might {unknown}
 f - a potion of lignification {unknown}
 g - 2 potions of attraction
 i - a potion of curing {unknown}
 k - a potion of degeneration


   Skills:
 + Level 1.1 Fighting
 + Level 1.1 Short Blades
 + Level 1.1 Long Blades
 + Level 1.1 Axes
 + Level 1.1 Maces & Flails
 + Level 1.1 Polearms
 + Level 1.1 Staves
 + Level 1.1 Ranged Weapons
 + Level 1.1 Throwing
 + Level 1.1 Armour
 + Level 4.6 Dodging
 + Level 4.2 Stealth
 + Level 1.1 Shields
 + Level 1.1 Unarmed Combat
 + Level 5.0 Spellcasting
 + Level 2.2 Conjurations
 + Level 0.8 Hexes
 + Level 0.8 Summonings
 + Level 0.8 Necromancy
 + Level 0.8 Translocations
 + Level 0.8 Transmutations
 + Level 5.4 Fire Magic
 + Level 0.8 Ice Magic
 + Level 0.8 Air Magic
 + Level 0.8 Earth Magic
 + Level 0.8 Poison Magic
 + Level 1.2 Invocations
 + Level 1.1 Evocations


You had 12 spell levels left.
You knew the following spells:

 Your Spells              Type           Power      Damage    Failure   Level
a - Foxfire               Conj/Fire      60%        2x1d7     3%          1

Your spell library contained the following spells:

 Spells                   Type           Power      Damage    Failure   Level
 Scorch                   Fire           40%        2d7       2%          2
 Inner Flame              Hex/Fire       13%        N/A       13%         3
 Volatile Blastmotes      Fire/Tloc      26%        2d12      13%         3
 Flame Wave               Conj/Fire      15%        2d7       32%         4


Dungeon Overview and Level Annotations

Branches:
Dungeon (3/15)

Altars:


Innate Abilities, Weirdness & Mutations

You have very sharp teeth.
Your uncanny sense of smell can sniff out nearby items.
Your experience applies equally to all skills.


Message History

The adder bites you.
You are poisoned.
The adder poisons you!
You barely miss the adder.
The adder is lightly wounded.
You feel sick. The adder barely misses you. The adder closely misses you.
You closely miss the adder.
The adder is lightly wounded.
You feel sick. The adder misses you. The adder bites you.
It was a potion of attraction.
You feel attractive to monsters.
You feel sick. The adder barely misses you.
It was a potion of degeneration.
There was something very wrong with that liquid.
You feel weakened.
You feel dopey.
You feel clumsy.
You feel sick. The adder closely misses you.
You closely miss the adder.
The adder is lightly wounded.
You feel sick. The adder barely misses you. The adder closely misses you.
You hit the adder but do no damage.
The adder is lightly wounded.
You feel sick.
You are no longer poisoned.
The adder barely misses you. The adder bites you.
* * * LOW HITPOINT WARNING * * *
You hit the adder.
The adder is moderately wounded.
The adder completely misses you.
You barely miss the adder. You bite the adder.
The adder is moderately wounded.
The adder bites you.
* * * LOW HITPOINT WARNING * * *
The adder barely misses you.
You closely miss the adder.
The adder is moderately wounded.
The adder bites you but does no damage.
You hit the adder.
The adder is heavily wounded.
The adder bites you but does no damage. The adder bites you.
You die... ##### #.S@# #.### #

You could see an adder.

Vanquished Creatures
  3 adders (D:2)
  2 dart slugs
  5 ball pythons
  4 endoplasms
  3 giant cockroaches
  4 hobgoblins
  2 quokkas
  A frilled lizard (D:2)
  2 goblins (D:2)
  4 kobolds
  4 rats (D:1)
34 creatures vanquished.

Vanquished Creatures (others)
  161 foxfires
161 creatures vanquished.

Grand Total: 195 creatures vanquished

Notes
Turn   | Place    | Note
-------+----------+-------------------------------------------
     0 | D:1      | retardedninja the Gnoll Fire Elementalist began the quest
                  | for the Orb.
     0 | D:1      | Reached XP level 1. HP: 13/13 MP: 6/6
   381 | D:1      | Reached XP level 2. HP: 20/20 MP: 3/7
  1458 | D:2      | Reached skill level 5 in Spellcasting
  1458 | D:2      | Reached XP level 3. HP: 25/25 MP: 1/9
  1580 | D:2      | Reached skill level 1 in Invocations
  1816 | D:2      | Reached skill level 1 in Fighting
  1816 | D:2      | Reached skill level 1 in Short Blades
  1816 | D:2      | Reached skill level 1 in Long Blades
  1816 | D:2      | Reached skill level 1 in Axes
  1816 | D:2      | Reached skill level 1 in Maces & Flails
  1816 | D:2      | Reached skill level 1 in Polearms
  1816 | D:2      | Reached skill level 1 in Staves
  1816 | D:2      | Reached skill level 1 in Ranged Weapons
  1816 | D:2      | Reached skill level 1 in Throwing
  1816 | D:2      | Reached skill level 1 in Armour
  1816 | D:2      | Reached skill level 1 in Shields
  1816 | D:2      | Reached skill level 1 in Unarmed Combat
  1816 | D:2      | Reached skill level 1 in Evocations
  1823 | D:2      | Reached XP level 4. HP: 32/32 MP: 7/11
  2718 | D:3      | HP: 1/32 [adder (3)]
  2720 | D:3      | Slain by an adder

Illustrated notes

Levels and vault maps discovered:
D:1:      dpeg_arrival_another_circle, layout_basic, serial_forest,
          infiniplex_forest_3_way, infiniplex_forest_lined_room_2,
          infiniplex_forest_end_1, infiniplex_forest_straight_2,
          infiniplex_forest_lined_room_2, infiniplex_forest_clump_small,
          infiniplex_forest_end_3, infiniplex_forest_straight_2
D:2:      layout_basic, serial_rivers, chequers_serial_rivers_small_b,
          chequers_serial_rivers_micro_a, chequers_serial_rivers_micro_e,
          chequers_serial_rivers_micro_b, chequers_serial_rivers_large_a
D:3:      layout_basic, st_stairs_12

Skill      XL: |  1  2  3 |
---------------+----------+-----
Conjurations   | 2 |  2.2
Spellcasting   | 5 |  5.0
Invocations    | 1 |  1.2
Fighting       | 1 |  1.1
Short Blades   | 1 |  1.1
Long Blades    | 1 |  1.1
Axes           | 1 |  1.1
Maces & Flails | 1 |  1.1
Polearms       | 1 |  1.1
Staves         | 1 |  1.1
Ranged Weapons | 1 |  1.1
Throwing       | 1 |  1.1
Armour         | 1 |  1.1
Shields        | 1 |  1.1
Unarmed Combat | 1 |  1.1
Evocations     | 1 |  1.1
Dodging        | |  4.6
Stealth        | |  4.2
Hexes          | |  0.8
Summonings     | |  0.8
Necromancy     | |  0.8
Translocations | |  0.8
Transmutations | |  0.8
Fire Magic     | |  5.4
Ice Magic      | |  0.8
Air Magic      | |  0.8
Earth Magic    | |  0.8
Poison Magic   | |  0.8

Action                     |  1- 3 |  4- 6 || total
---------------------------+-------+-------++-------
  Melee: Falchion          |     4 |    12 ||    16
         Bite              |       |     1 ||     1
   Cast: Foxfire           |    76 |    25 ||   101
    Use: Potion            |       |     2 ||     2
 Armour: Robe              |     5 |     3 ||     8
  Dodge: Dodged            |    24 |    15 ||    39

Table legend: (Time is in decaauts)
 A = Elapsed time spent in this place.
 B = Non-inter-level travel time spent in this place.
 C = Inter-level travel time spent in this place.
 D = Time resting spent in this place.
 E = Time spent auto-exploring this place.
 F = Levels seen in this place.
 G = Mean time per level.
                   A        B        C        D        E       F      G
               +--------+--------+--------+--------+--------+-----+--------+
         Total |   2728 |   2667 |     61 |      0 |   2353 |   3 |  909.3 |
       Dungeon |   2728 |   2667 |     61 |      0 |   2353 |   3 |  909.3 |
               +--------+--------+--------+--------+--------+-----+--------+

Top non-repeatable levels by time:
     D:1: 1431 daAuts
     D:2: 1277 daAuts
     D:3: 19 daAuts
